 Dungeon Sprint DCSS version 0.23.0-3-gf3c87f2 (webtiles) character file.

Game seed: 15063556079331262481

1218 nuthulu the Martial Artist (level 8, -2/67 HPs)
             Began as a Gnoll Transmuter on Feb 20, 2019.
             Was a Believer of Yredelemnul.
             Killed from afar by Josephine (30 damage)
             ... with a ghostly fireball
             ... in the Dungeon (Sprint III: "The Ten Rune Challenge").
             The game lasted 00:03:26 (958 turns).

nuthulu the Martial Artist (Gnoll Transmuter)        Turns: 958, Time: 00:03:26

Health: -2/67      AC:  2    Str: 13    XL:     8   Next: 46%
Magic:  18/20      EV: 26    Int: 20    God:    Yredelemnul [**....]
Gold:   32         SH:  0    Dex: 20    Spells: 19/23 levels left

rFire    . . .     SeeInvis .     - Unarmed
rCold    . . .     Gourm    .   (shield currently unavailable)
rNeg     . . .     Faith    .   (armour currently unavailable)
rPois    x         Spirit   .   (helmet currently unavailable)
rElec    .         Reflect  .   (cloak currently unavailable)
rCorr    .         Harm     .   (gloves currently unavailable)
MR       .....     Rnd*Rage +   (boots currently unavailable) Stlth +++.......NoTele +
                                (no amulet)
HPRegen  0.21/turn              (no ring)
MPRegen  0.17/turn              (no ring)

@: spider-form, heavily drained
A: tiny, distributed training, berserk 1, clever 1, strong nose
a: End Transformation, Animate Remains, Recall Undead Slaves, Injury Mirror,
Renounce Religion


You were in the Dungeon.
You worshipped Yredelemnul.
Yredelemnul was pleased with you.
You were not hungry.
You were a venomous arachnid creature.
You visited 1 branch You collected 32 gold pieces.

Inventory:

Missiles
 a - 12 arrows
Armour
 b - a +0 robe (melded)
 k - a +0 cloak (melded)
Scrolls
 j - a scroll of blinking
 m - a scroll of holy word {unknown}
 o - 3 scrolls of remove curse
 r - a scroll of torment {unknown}
Potions
 e - 3 potions of curing
 f - a potion of heal wounds
 g - a potion of haste
 h - 2 potions of magic
 q - 3 potions of flight
Comestibles
 d - 3 rations


   Skills:
 + Level 7.0(5.6) Fighting
 + Level 6.4(5.1) Short Blades
 + Level 6.4(5.1) Long Blades
 + Level 6.4(5.1) Axes
 + Level 6.4(5.1) Maces & Flails
 + Level 6.4(5.1) Polearms
 + Level 6.4(5.1) Staves
 + Level 6.4(5.1) Slings
 + Level 6.4(5.1) Bows
 + Level 6.4(5.1) Crossbows
 + Level 6.4(5.1) Throwing
 + Level 6.4(5.1) Armour
 + Level 8.0(6.6) Dodging
 + Level 6.4(5.1) Stealth
 + Level 6.4(5.1) Shields
 + Level 9.2(7.8) Unarmed Combat
 + Level 8.2(6.8) Spellcasting
 + Level 5.3(4.0) Conjurations
 + Level 5.3(4.0) Hexes
 + Level 5.3(4.0) Charms
 + Level 5.3(4.0) Summonings
 + Level 5.3(4.0) Necromancy
 + Level 5.3(4.0) Translocations
 + Level 6.6(5.3) Transmutations
 + Level 5.3(4.0) Fire Magic
 + Level 5.3(4.0) Ice Magic
 + Level 5.3(4.0) Air Magic
 + Level 5.3(4.0) Earth Magic
 + Level 5.3(4.0) Poison Magic
 + Level 7.0(5.7) Invocations
 + Level 6.4(5.1) Evocations


You had 19 spell levels left.
You knew the following spells:

 Your Spells              Type           Power        Failure   Level  Hunger
a - Beastly Appendage     Tmut           ####..       5%          1    None
b - Spider Form           Tmut/Pois      ####......   13%         3    #......

Your spell library contained the following spells:

 Spells                   Type           Power        Failure   Level  Hunger
 Sticks to Snakes         Tmut           ####....     7%          2    None
 Animate Skeleton         Necr           N/A          8%          1    None
 Apportation              Tloc           ###...       8%          1    None
 Confusing Touch          Hex            ###...       8%          1    None
 Summon Small Mammal      Summ           ###.         8%          1    None
 Confuse                  Hex            ###.....     16%         3    #......
 Gell's Gravitas          Tloc           ###.......   16%         3    #......
 Ice Form                 Ice/Tmut       ####....     32%         4    ###....
 Petrify                  Tmut/Erth      ####....     32%         4    ###....
 Blade Hands              Tmut           ####......   52%         5    #####..
 Yara's Violent Unravell  Hex/Tmut       ####......   58%         5    #####..
 Metabolic Englaciation   Hex/Ice        ###.......   67%         5    #####..


Dungeon Overview and Level Annotations

Branches:
Dungeon (1/1)

Altars:
Cheibriados
Dithmenos
Elyvilon
Fedhas
Gozag
Hepliaklqana
Kikubaaqudgha
Makhleb
Nemelex Xobeh
Okawaru
Qazlal
Ru
Sif Muna
Trog
Uskayaw
Vehumet
Wu Jian
Xom
Yredelemnul
Zin
The Shining One
Beogh
Jiyva
Lugonu

Annotations:
D Josephine


Innate Abilities, Weirdness & Mutations

Your experience applies equally to all skills.
((You have very sharp teeth.))
Your uncanny sense of smell can sniff out nearby items.
You tend to lose your temper in combat.
Your mind is acute. (Int +2)
((Your flesh is heat resistant. (rF+)))
((You are resistant to electric shocks. (rElec)))


Message History

Josephine completely misses you.
Unknown command.
You hit Josephine.
Josephine looks as sick as possible!
Josephine is severely wounded.
Your wizard zombie hits Josephine with a +0 dagger!
Your necrophage skeleton barely misses Josephine.
Unknown command.
You barely miss Josephine.
Josephine is severely wounded.
Josephine barely misses you.
Your wizard zombie barely misses Josephine.
Your necrophage skeleton hits Josephine.
Unknown command.
You hit Josephine.
Josephine is almost dead.
Josephine points at you and mumbles some strange words.
The ghostly flame explodes!
The ghostly fireball engulfs you!!
You feel drained.
You die...
Your body rises from the dead as a mindless zombie.

.#)..#__.#._# ∆ ∆
.###'#)###)##∆∆ ∆∆
.#..........#∆∆ ∆
.+.⌠........# ∆ ∆
.#...######'#∆ ∆ ∆∆
.#.⌠.#__#...#+#####
.#...#__#...#..Z§§+
.#'###__#...#§#ZZ§#
.#..)#__#...Z§#@s.#
.#___#__'...#.#§§.#
▓▓▓▓▓▓▓▓▓▓▓▓▓▓▓▓▓▓▓


You could see Josephine, a friendly human zombie, a friendly wizard zombie and a
friendly necrophage skeleton.

Vanquished Creatures
  A deep elf mage (D)
  A shadow (D)
  A spatial vortex (D)
  A necrophage (D)
  A water elemental (D)
  A jelly (D)
  Crazy Yiuf (D)
  A wizard (D)
  Jessica (D)
  A necromancer (D)
  3 humans (D)
  A kobold demonologist (D)
  An ooze (D)
  2 rats (D)
17 creatures vanquished.

Vanquished Creatures (others)
  2 draconian scorchers (D)
  6 hellions (D)
  A yaktaur (D)
  A plant (D)
10 creatures vanquished.

Grand Total: 27 creatures vanquished

Notes
Turn   | Place    | Note
-------+----------+-------------------------------------------
     0 | D        | nuthulu the Gnoll Transmuter began the quest for the Orb.
     0 | D        | Reached XP level 1. HP: 17/17 MP: 6/6
    12 | D        | Reached skill level 5 in Spellcasting
    12 | D        | Reached skill level 1 in Invocations
    47 | D        | Reached skill level 1 in Short Blades
    47 | D        | Reached skill level 1 in Long Blades
    47 | D        | Reached skill level 1 in Axes
    47 | D        | Reached skill level 1 in Maces & Flails
    47 | D        | Reached skill level 1 in Polearms
    47 | D        | Reached skill level 1 in Staves
    47 | D        | Reached skill level 1 in Slings
    47 | D        | Reached skill level 1 in Bows
    47 | D        | Reached skill level 1 in Crossbows
    47 | D        | Reached skill level 1 in Throwing
    47 | D        | Reached skill level 1 in Armour
    47 | D        | Reached skill level 1 in Stealth
    47 | D        | Reached skill level 1 in Shields
    47 | D        | Reached skill level 1 in Evocations
    56 | D        | Noticed Jessica
    63 | D        | Killed Jessica
    63 | D        | Reached skill level 1 in Conjurations
    63 | D        | Reached skill level 1 in Hexes
    63 | D        | Reached skill level 1 in Charms
    63 | D        | Reached skill level 1 in Summonings
    63 | D        | Reached skill level 1 in Necromancy
    63 | D        | Reached skill level 1 in Translocations
    63 | D        | Reached skill level 1 in Fire Magic
    63 | D        | Reached skill level 1 in Ice Magic
    63 | D        | Reached skill level 1 in Air Magic
    63 | D        | Reached skill level 1 in Earth Magic
    63 | D        | Reached skill level 1 in Poison Magic
    63 | D        | Reached XP level 2. HP: 24/24 MP: 6/8
    63 | D        | Reached XP level 3. HP: 29/29 MP: 6/9
    63 | D        | Killed a yaktaur
    68 | D        | Learned a level 3 spell: Spider Form
    81 | D        | Noticed Crazy Yiuf
    99 | D        | Killed Crazy Yiuf
    99 | D        | Reached skill level 5 in Dodging
    99 | D        | Reached skill level 7 in Unarmed Combat
    99 | D        | Reached XP level 4. HP: 29/35 MP: 7/11
   123 | D        | Killed a hellion
   124 | D        | Killed a hellion
   124 | D        | Killed a hellion
   157 | D        | Killed a white draconian scorcher
   185 | D        | Killed a white draconian scorcher
   204 | D        | Gained mutation: You have a pair of small antennae on your
                  | head. [potion of mutation]
   204 | D        | Gained mutation: You are partially covered in iridescent
                  | scales. (AC +2) [potion of mutation]
   208 | D        | Lost mutation: You have a pair of small antennae on your
                  | head. [potion of mutation]
   208 | D        | Gained mutation: You possess an exceptional clarity of
                  | mind. [potion of mutation]
   208 | D        | Gained mutation: Your flesh is heat resistant. (rF+)
                  | [potion of mutation]
   208 | D        | Gained mutation: You have sharp toenails. [potion of
                  | mutation]
   209 | D        | Lost mutation: You are partially covered in iridescent
                  | scales. (AC +2) [potion of mutation]
   209 | D        | Lost mutation: You possess an exceptional clarity of mind.
                  | [potion of mutation]
   209 | D        | Lost mutation: You have sharp toenails. [potion of
                  | mutation]
   209 | D        | Gained mutation: You are resistant to electric shocks.
                  | (rElec) [potion of mutation]
   209 | D        | Gained mutation: You tend to lose your temper in combat.
                  | [potion of mutation]
   209 | D        | Gained mutation: Your mind is acute. (Int +2) [potion of
                  | mutation]
   210 | D        | Noticed a water elemental
   226 | D        | Killed a water elemental
   226 | D        | Reached XP level 5. HP: 11/42 MP: 9/13
   230 | D        | Killed a hellion
   230 | D        | Killed a hellion
   237 | D        | Killed a hellion
   465 | D        | Found a basalt altar of Yredelemnul.
   465 | D        | Found a shadowy altar of Dithmenos.
   465 | D        | Found a sacrificial altar of Ru.
   465 | D        | Noticed a necrophage
   479 | D        | Killed a necrophage
   479 | D        | Reached skill level 5 in Transmutations
   479 | D        | Reached XP level 6. HP: 48/50 MP: 11/15
   487 | D        | Became a worshipper of Yredelemnul the Dark
   526 | D        | Found a glowing silver altar of Zin.
   526 | D        | Found a glowing golden altar of the Shining One.
   526 | D        | Found a white marble altar of Elyvilon.
   527 | D        | Noticed a deep elf mage
   534 | D        | Killed a deep elf mage
   534 | D        | Reached skill level 5 in Short Blades
   534 | D        | Reached skill level 5 in Long Blades
   534 | D        | Reached skill level 5 in Axes
   534 | D        | Reached skill level 5 in Maces & Flails
   534 | D        | Reached skill level 5 in Polearms
   534 | D        | Reached skill level 5 in Staves
   534 | D        | Reached skill level 5 in Slings
   534 | D        | Reached skill level 5 in Bows
   534 | D        | Reached skill level 5 in Crossbows
   534 | D        | Reached skill level 5 in Throwing
   534 | D        | Reached skill level 5 in Armour
   534 | D        | Reached skill level 5 in Stealth
   534 | D        | Reached skill level 5 in Shields
   534 | D        | Reached skill level 8 in Unarmed Combat
   534 | D        | Reached skill level 5 in Evocations
   534 | D        | Reached XP level 7. HP: 49/58 MP: 14/18
   581 | D        | Found a radiant altar of Vehumet.
   581 | D        | Found a deep blue altar of Sif Muna.
   581 | D        | Found an ancient bone altar of Kikubaaqudgha.
   587 | D        | Reached * piety under Yredelemnul
   625 | D        | Found a hide-covered altar of Uskayaw.
   625 | D        | Found a roughly hewn altar of Beogh.
   625 | D        | Found an iron altar of Okawaru.
   625 | D        | Found a bloodstained altar of Trog.
   625 | D        | Found an ornate altar of the Wu Jian Council.
   625 | D        | Noticed a human
   626 | D        | Noticed a human
   636 | D        | Killed a human
   638 | D        | Killed a human
   638 | D        | Reached skill level 9 in Unarmed Combat
   638 | D        | Reached skill level 5 in Conjurations
   638 | D        | Reached skill level 5 in Hexes
   638 | D        | Reached skill level 5 in Charms
   638 | D        | Reached skill level 5 in Summonings
   638 | D        | Reached skill level 5 in Necromancy
   638 | D        | Reached skill level 5 in Translocations
   638 | D        | Reached skill level 5 in Fire Magic
   638 | D        | Reached skill level 5 in Ice Magic
   638 | D        | Reached skill level 5 in Air Magic
   638 | D        | Reached skill level 5 in Earth Magic
   638 | D        | Reached skill level 5 in Poison Magic
   638 | D        | Reached XP level 8. HP: 21/65 MP: 17/19
   859 | D        | Noticed a shadow
   863 | D        | Killed a shadow
   863 | D        | Reached ** piety under Yredelemnul
   910 | D        | Found a blossoming altar of Fedhas.
   910 | D        | Found a stormy altar of Qazlal.
   910 | D        | Found a snail-covered altar of Cheibriados.
   910 | D        | Found a burning altar of Makhleb.
   910 | D        | Found a shimmering altar of Xom.
   914 | D        | Found a hazy altar of Hepliaklqana.
   914 | D        | Found an opulent altar of Gozag.
   914 | D        | Found a sparkling altar of Nemelex Xobeh.
   914 | D        | Found a corrupted altar of Lugonu.
   914 | D        | Found a viscous altar of Jiyva.
   949 | D        | Noticed Josephine
   958 | D        | Killed from afar by Josephine

Skill      XL: |  1  2  3  4  5  6  7  8 |
---------------+-------------------------+-----
Spellcasting   | 5 6 7 8 |  8.2
Invocations    | 2 3 4 6 7 |  7.0
Short Blades   | 1 2 3 4 5 6 |  6.4
Long Blades    | 1 2 3 4 5 6 |  6.4
Axes           | 1 2 3 4 5 6 |  6.4
Maces & Flails | 1 2 3 4 5 6 |  6.4
Polearms       | 1 2 3 4 5 6 |  6.4
Staves         | 1 2 3 4 5 6 |  6.4
Slings         | 1 2 3 4 5 6 |  6.4
Bows           | 1 2 3 4 5 6 |  6.4
Crossbows      | 1 2 3 4 5 6 |  6.4
Throwing       | 1 2 3 4 5 6 |  6.4
Armour         | 1 2 3 4 5 6 |  6.4
Stealth        | 1 2 3 4 5 6 |  6.4
Shields        | 1 2 3 4 5 6 |  6.4
Evocations     | 1 2 3 4 5 6 |  6.4
Fighting       | 3 4 6 7 |  7.0
Conjurations   | 1 2 3 4 5 |  5.3
Hexes          | 1 2 3 4 5 |  5.3
Charms         | 1 2 3 4 5 |  5.3
Summonings     | 1 2 3 4 5 |  5.3
Necromancy     | 1 2 3 4 5 |  5.3
Translocations | 1 2 3 4 5 |  5.3
Transmutations | 4 5 6 |  6.6
Fire Magic     | 1 2 3 4 5 |  5.3
Ice Magic      | 1 2 3 4 5 |  5.3
Air Magic      | 1 2 3 4 5 |  5.3
Earth Magic    | 1 2 3 4 5 |  5.3
Poison Magic   | 1 2 3 4 5 |  5.3
Dodging        | 5 6 7 8 |  8.0
Unarmed Combat | 7 8 9 |  9.2

Action                   |  1- 3 |  4- 6 |  7- 9 || total
-------------------------+-------+-------+-------++-------
Melee: Unarmed           |     8 |    36 |    34 ||    78
       Kick              |     3 |       |       ||     3
 Cast: Beastly Appendage |     4 |       |       ||     4
       Spider Form       |     1 |     4 |     5 ||    10
Invok: Animate Remains   |       |       |     3 ||     3
  Use: Potion            |       |     4 |       ||     4
       Scroll            |       |     2 |       ||     2
 Stab: Sleeping          |       |       |     1 ||     1
  Eat: Ration            |       |       |     1 ||     1
Armor: Robe              |     1 |       |       ||     1
       Skin              |       |     1 |       ||     1
Dodge: Dodged            |     4 |    21 |    18 ||    43
